AoeStats
← Dani_Jiren

Arena

510508178Analyzed
2v2 RM · 1d ago on Oct 1, 2026· 48m 35s· 4 players
Game mode
Random Map
Map size
Medium (4 player)
Population
200
Speed
Normal
Resources
Standard
Victory
Conquest
Starting age
Dark Age
Ending age
Imperial Age
RankedLock teamsTeams togetherTeam positionsShared explorationLock speedFull tech treeHidden civsTurbo modeCheats
Victory
Defeat
🇫🇷 Turks · France
871
+12
🇫🇷 Japanese · France
790
+17
🇪🇸 Khmer · Spain
801
-15
🇨🇳 Italians · China
775
-14
Dani_Jiren
0:28 Loom
10:41 Feudal Age
12:02 Wheelbarrow
11:16 Double-Bit Axe
11:20 Horse Collar
19:23 Castle Age
17:42 Stone Mining
18:55 Gold Mining
19:21 Forging
21:11 Hand Cart
23:00 Bow Saw
29:26 Heavy Plow
33:08 Imperial Age
32:06 Fletching
33:13 Gold Shaft Mining
33:14 Stone Shaft Mining
35:17 Chemistry
34:59 Conscription
36:24 Town Watch
36:53 Double Crossbow
37:37 Elite Ballista Elephant
38:36 Cavalier
39:52 Husbandry
43:23 Heavy Scorpion
45:05 Scale Barding Armor
45:36 Iron Casting
44:57 Bodkin Arrow
45:50 Crop Rotation
46:11 Bloodlines
45:22 Light Cavalry
oncemore
8:20 Loom
10:48 Feudal Age
11:20 Double-Bit Axe
16:46 Castle Age
15:33 Stone Mining
24:45 Horse Collar
26:38 Fletching
26:58 Heavy Plow
29:03 Wheelbarrow
31:57 Imperial Age
29:30 Gold Mining
29:49 Crossbowman
31:18 Ballistics
30:55 Murder Holes
31:07 Padded Archer Armor
32:59 Stone Shaft Mining
32:45 Leather Archer Armor
32:27 Bodkin Arrow
32:53 Hand Cart
32:51 Treadmill Crane
34:35 Bow Saw
38:24 Hoardings
39:22 Forging
39:13 Scale Mail Armor
39:31 Thumb Ring
39:28 Town Watch
41:55 Conscription
42:03 Arson
42:19 Squires
41:41 Pikeman
42:51 Man-at-Arms
44:07 Crop Rotation
46:40 Two-Man Saw
47:01 Chain Mail Armor
47:22 Iron Casting
48:18 Husbandry
49:12 Silk Road
49:18 Bloodlines
48:29 Light Cavalry
Scloki
10:40 Feudal Age
15:21 Castle Age
14:09 Double-Bit Axe
22:51 Wheelbarrow
22:01 Town Watch
23:35 Bow Saw
29:15 Imperial Age
27:50 Ballistics
27:56 Hand Cart
27:43 Horse Collar
29:02 Heavy Plow
29:08 Gold Mining
29:11 Stone Mining
31:37 Gold Shaft Mining
32:28 Treadmill Crane
33:00 Masonry
32:43 Heated Shot
33:09 Padded Archer Armor
33:00 Fletching
33:17 Scale Barding Armor
33:12 Scale Mail Armor
33:46 Artillery
35:30 Bloodlines
38:01 Heavy Camel Rider
39:18 Chain Barding Armor
39:14 Chain Mail Armor
39:15 Leather Archer Armor
38:55 Bodkin Arrow
39:11 Forging
43:19 Fortified Wall
43:42 Plate Mail Armor
43:47 Plate Barding Armor
43:43 Ring Archer Armor
43:13 Bracer
43:23 Capped Ram
44:45 Caravan
44:23 Siege Ram
Ombrias
10:53 Feudal Age
15:01 Castle Age
14:02 Double-Bit Axe
18:25 Bow Saw
18:13 Horse Collar
26:09 Wheelbarrow
25:40 Gold Mining
25:44 Fletching
25:55 Padded Archer Armor
26:00 Scale Barding Armor
25:58 Scale Mail Armor
26:09 Forging
26:24 Ballistics
25:28 Pikeman
26:11 Squires
25:59 Gambesons
26:02 Arson
26:09 Loom
27:46 Leather Archer Armor
27:26 Bodkin Arrow
27:58 Thumb Ring
29:26 Bloodlines
29:18 Husbandry
34:58 Imperial Age
32:50 Hand Cart
33:25 Fortified Wall
33:02 Treadmill Crane
35:06 Onager
37:43 Siege Engineers
38:40 Chemistry
40:37 Guard Tower
40:51 Yasama
42:04 Gold Shaft Mining
41:51 Halberdier
43:08 Iron Casting
42:50 Chain Mail Armor
42:32 Bodkin Arrow
44:44 Conscription
46:06 Blast Furnace
45:36 Plate Mail Armor
45:40 Kataparuto
47:20 Two-Man Saw
Connection lost

Rejoining the realm…

Still unreachable

The connection could not be restored.

Session expired

The server has moved on; the page needs a fresh start.